 Dungeon Crawl Stone Soup version 0.30-a0-630-g881e3bac89 (webtiles) character file.

Game seed: 18236905072151962789

34 Bnni the Sneak (level 3, -1/18 HPs)
             Began as a Vine Stalker Brigand on Jan 13, 2023.
             Slain by Grinder (6 damage)
             ... while paralysed by Grinder
             ... on level 3 of the Dungeon.
             The game lasted 00:01:37 (1594 turns).

Bnni the Sneak (Vine Stalker Brigand)               Turns: 1594, Time: 00:01:37

Health: -1/18      AC:  7    Str: 19    XL:     3   Next: 31%
Magic:  0/4        EV:  2    Int: 11    God:
Gold:   136        SH:  0    Dex: 17    Spells: 2/2 levels left

rFire   . . .      SeeInvis .    a - +2 dagger
rCold   . . .      Faith    .    n - +0 kite shield
rNeg    . . .      Spirit   +    j - +0 scale mail
rPois   .          Reflect  .    (no helmet)
rElec   .          Harm     .    c - +0 cloak
rCorr   .          Rampage  .    (no gloves)
Will    .....                    (no boots)
Stlth   ++                       (no amulet)
HPRegen 0.23/turn                m - +6 ring of strength
MPRegen 0.09/turn                (no ring)

@: paralysed
A: fangs 2, magic shield, antimagic bite, no potion heal 2
a: no special abilities


You were on level 3 of the Dungeon.
You visited 1 branch of the dungeon, and saw 3 of its levels.

You collected 136 gold pieces.

Inventory:

Hand Weapons
 a - a +2 dagger (weapon)
Missiles
 d - 9 poisoned darts (quivered)
 e - 3 curare-tipped darts
 i - 6 atropa-tipped darts
Armour
 c - a +0 cloak (worn)
 j - a +0 scale mail (worn)
 k - an orb of wrath
 n - a +0 kite shield (worn)
Jewellery
 m - a +6 ring of strength (left hand)
 o - a ring of ice
 q - a +4 ring of protection
Scrolls
 b - a scroll of enchant weapon {unknown}
 h - a scroll of magic mapping {unknown}
 l - 4 scrolls of identify {unknown}
 p - a scroll of brand weapon {unknown}
 r - a scroll of noise {unknown}
Potions
 f - 2 potions of heal wounds {unknown}
 g - a potion of curing {unknown}


   Skills:
 + Level 2.2 Fighting
 * Level 2.8 Short Blades
 - Level 1.7 Throwing
 - Level 0.7 Dodging
 - Level 4.8 Stealth
 + Level 0.3 Shields


You had 2 spell levels left.
You didn't know any spells.
Your spell library contained the following spells:

 Spells                   Type           Power      Damage    Failure   Level
 Foxfire                  Conj/Fire      0%         2x1d4     99%         1
 Necrotise                Necr           0%         1d4       99%         1
 Vampiric Draining        Necr           0%         2d6       100%        3
 Agony                    Necr           0%         N/A       100%        5
 Fireball                 Conj/Fire      0%         3d3       100%        5
 Starburst                Conj/Fire      0%         6d3       100%        6


Dungeon Overview and Level Annotations

Branches:
Dungeon (3/15)

Altars:
Sif Muna

Annotations:
D:3 Grinder


Innate Abilities, Weirdness & Mutations

You have extremely sharp teeth.
When hurt, damage is shared between your health and your magic reserves.
Your bite disrupts and absorbs the magic of your enemies.
Potions cannot restore your health.


Message History

The adder is moderately wounded.
The adder barely misses you. The adder bites you but does no damage.
You miss the adder. You bite the adder, but do no damage.
The adder is moderately wounded.
The adder barely misses you.
You closely miss the adder.
The adder is moderately wounded.
The adder closely misses you.
You hit the adder. You bite the adder.
You kill the adder!
No target in view!
No target in view!
Found a club.
You now have 136 gold pieces (gained 11).
Grinder comes into view.
Grinder shouts!
Grinder is nearby!
Grinder says, "DUCK!"
Grinder hits you but does no damage.
You hit Grinder. Your bite misses Grinder.
Grinder is lightly wounded.
Grinder gestures at you.
You suddenly lose the ability to move!
Grinder hits you but does no damage.
You can move again.
You hit Grinder.
Grinder is moderately wounded.
Grinder blinks!
You hit Grinder. Your bite misses Grinder.
Grinder is moderately wounded.
Grinder gestures at you.
You suddenly lose the ability to move!
Grinder hits you.
You writhe in agony.
Grinder hits you.
You writhe in agony.
* * * LOW HITPOINT WARNING * * *
Grinder hits you but does no damage.
Grinder says, "At least Makhleb appreciates what I'm doing."
Grinder hits you but does no damage. Grinder hits you!
You die...

.....#######..........##
.....# ##............##
.....# #..............#
.....# #..............#
.....# #..............#
###.## #..............#
.# #..............# ..
##.....5......## #..
##....@.....## #..
###.....#### #.. #.....#
........# #.##.....# #.
#.....# # #.....#
#######


You could see Grinder.

Vanquished Creatures
  An adder (D:3)
  3 bats
  3 endoplasms (D:1)
  A giant cockroach (D:1)
  3 hobgoblins (D:1)
  A quokka (D:1)
  6 ball pythons
  3 frilled lizards
  2 kobolds (D:1)
  A rat (D:2)
24 creatures vanquished.

Notes
Turn   | Place    | Note
-------+----------+-------------------------------------------
     0 | D:1      | Bnni the Vine Stalker Brigand began the quest for the Orb.
     0 | D:1      | Reached XP level 1. HP: 11/11 MP: 2/2
   212 | D:1      | Reached XP level 2. HP: 9/15 MP: 1/3
   987 | D:2      | Found a faded altar of an unknown god.
  1234 | D:2      | Found a shimmering blue altar of Sif Muna.
  1505 | D:2      | Reached XP level 3. HP: 18/18 MP: 4/4
  1581 | D:3      | Noticed Grinder
  1585 | D:3      | Paralysed by Grinder for 2 turns
  1589 | D:3      | Paralysed by Grinder for 5 turns
  1594 | D:3      | Slain by Grinder

Illustrated notes

Levels and vault maps discovered:
D:1:      shiori_arrival_oz, layout_basic
D:2:      layout_loops_cross, hellmonk_ecumenical_altar_blasted, basic_altar,
          amcnicky_mini_pool_small
D:3:      layout_rooms, dancing_weapons_uskayaw, serial_shops,
          nicolae_lakefront_shop, hangedman_decor_growths,
          kennysheep_jessica_study, uniq_grinder

Skill      XL: |  1 |
---------------+----+-----
Short Blades   | 2 |  2.8
Fighting       | 2 |  2.2
Throwing       | |  1.7
Dodging        | |  0.7
Stealth        | |  4.8
Shields        | |  0.3

Action                   || total
-------------------------++-------
Melee: Dagger            ||    54
       Bite              ||    16
 Stab: Sleeping          ||     1
Armor: Leather armour    ||     4
       Robe              ||     1
       Scale mail        ||    19
Dodge: Dodged            ||    21
Block: Kite shield       ||     2

Table legend: (Time is in decaauts)
 A = Elapsed time spent in this place.
 B = Non-inter-level travel time spent in this place.
 C = Inter-level travel time spent in this place.
 D = Time resting spent in this place.
 E = Time spent auto-exploring this place.
 F = Levels seen in this place.
 G = Mean time per level.
                   A        B        C        D        E       F      G
               +--------+--------+--------+--------+--------+-----+--------+
         Total |   1609 |   1539 |     70 |    169 |   1136 |   3 |  536.3 |
       Dungeon |   1609 |   1539 |     70 |    169 |   1136 |   3 |  536.3 |
               +--------+--------+--------+--------+--------+-----+--------+

Top non-repeatable levels by time:
     D:1: 989 daAuts
     D:2: 536 daAuts
     D:3: 84 daAuts
